 Dungeon Crawl Stone Soup version 0.23.0 (webtiles) character file.

Game seed: 15710602772009456716

325350 Infinimo the Shatterer (level 21, -11/146 HPs)
             Began as a Gargoyle Berserker on Feb 9, 2019.
             Was the Champion of Trog.
             Mangled by a titanic slime creature (50 damage)
             ... on level 2 of the Vaults.
             The game lasted 01:19:35 (40136 turns).

Infinimo the Shatterer (Gargoyle Berserker)        Turns: 40136, Time: 01:19:35

Health: -11/146    AC: 50    Str: 30    XL:     21   Next: 62%
Magic:  21/21      EV:  7    Int:  6    God:    Trog [******]
Gold:   2385       SH: 14    Dex:  9    Spells: 20/20 levels left

rFire    + + .     SeeInvis +   j - +9 morningstar "Quezaafirr" {freeze, *Rage rF++ MR+}
rCold    + . .     Gourm    .   L - +0 shield
rNeg     + + .     Faith    .   k - +0 crystal plate armour
rPois    ∞         Spirit   .   a - +2 hat {MR+}
rElec    +         Reflect  .   W - scarf {repulsion}
rCorr    .         Harm     .   b - +2 pair of gloves of Esubak {+Inv rPois MR++ Int-3}
MR       +++++     Rnd*Rage +   A - +1 pair of boots {run}
Stlth    ..........             w - amulet of regeneration
HPRegen  0.74/turn              t - ring "Idudu" {rC+ rN+}
MPRegen  0.17/turn              P - ring of see invisible

@: about to teleport, flying, repel missiles, quick
A: big wings, negative energy resistance 1, electricity resistance, unbreathing,
petrification resistance, rot immunity, AC +16
}: 2/15 runes: barnacled, gossamer
a: Stop Flying, Berserk, Trog's Hand, Brothers in Arms, Renounce Religion, Evoke
Invisibility


You were on level 2 of the Vaults.
You worshipped Trog.
Trog was exalted by your worship.
You were not hungry.

You visited 7 branches of the dungeon, and saw 35 of its levels.
You also visited: Gauntlet and Ice Cave.

You collected 3672 gold pieces.
You spent 1287 gold pieces at shops.

Inventory:

Hand Weapons
 j - the +9 morningstar "Quezaafirr" (weapon) {freeze, *Rage rF++ MR+}
   (You bought it in a shop on level 5 of the Dungeon)

   It has been specially enchanted to freeze those struck by it, causing extra
   injury to most foes and up to half again as much damage against particularly
   susceptible opponents.
   It can also slow down cold-blooded creatures.
   It greatly protects you from fire.
   It affects your resistance to hostile enchantments.
   It may make you go berserk in combat.
 D - a +2 demon whip of venom
Armour
 a - a +2 hat of magic resistance (worn)
 b - the +2 pair of gloves of Esubak (worn) {+Inv rPois MR++ Int-3}
   (You took it off Nikola on level 3 of the Spider Nest)

   It affects your intelligence (-3).
   It protects you from poison.
   It affects your resistance to hostile enchantments.
   It lets you turn invisible.
 k - a +0 crystal plate armour (worn)
 A - a +1 pair of boots of running (worn)
 L - a +0 shield (worn)
 W - a scarf of repulsion (worn)
Jewellery
 t - the ring "Idudu" (left hand) {rC+ rN+}
   (You found it in a Gauntlet)

   [ring of protection from cold]

   It protects you from cold.
   It protects you from negative energy.
 w - an amulet of regeneration (around neck)
 y - a +2 ring of evasion {unknown}
 N - an uncursed ring of resist corrosion
 P - a ring of see invisible (right hand)
Wands
 h - a wand of clouds (12)
 n - a wand of disintegration (36)
 v - a wand of scattershot (8)
 x - a wand of iceblast (18)
 E - a wand of acid (26)
Scrolls
 d - 9 scrolls of identify
 m - 11 scrolls of remove curse
 r - 3 scrolls of magic mapping
 C - 8 scrolls of enchant weapon
 F - a scroll of enchant armour
 H - 10 scrolls of teleportation
 I - 4 scrolls of fog
 J - a scroll of silence
 K - 3 scrolls of fear
 M - a scroll of random uselessness {unknown}
 O - 6 scrolls of blinking
 R - 2 scrolls of holy word
Potions
 e - 12 potions of haste
 f - 2 potions of magic
 g - 14 potions of heal wounds
 i - 3 potions of mutation
 l - 5 potions of brilliance
 o - 15 potions of curing
 p - 6 potions of lignification
 q - 8 potions of flight
 s - 4 potions of agility
 u - 5 potions of degeneration
 B - 4 potions of resistance
 G - 3 potions of cancellation
 Q - 3 potions of berserk rage
 S - 4 potions of might
 T - 5 potions of ambrosia
Comestibles
 c - 64 rations
 z - 41 chunks of flesh


   Skills:
 + Level 20.3 Fighting
 + Level 23.2 Maces & Flails
 + Level 18.3 Armour
 - Level 1.5 Dodging
 + Level 13.4 Shields


You had 20 spell levels left.
You didn't know any spells.
Your spell library contained the following spells:

 Spells                   Type           Power        Failure   Level  Hunger
 Beastly Appendage        Tmut           #.....       100%        1    ##.....
 Sticks to Snakes         Tmut           #.......     100%        2    ###....
 Spider Form              Tmut/Pois      #.........   100%        3    ####...
 Ice Form                 Ice/Tmut       #.......     100%        4    #####..
 Blade Hands              Tmut           #.........   100%        5    ######.


Dungeon Overview and Level Annotations

Branches:
Dungeon (15/15)            Temple (0/1) D:7            Lair (6/6) D:10
 Shoals (4/4) Lair:3       Spider (4/4) Lair:4        Slime (0/5) Lair:5
    Orc (2/2) D:10            Elf (2/3) Orc:2        Vaults (2/5) D:14
 Depths (0/5) D:15
  Crypt: Vaults:2-3

Altars:
Cheibriados
Makhleb
Qazlal
Ru
Wu Jian
Xom
Yredelemnul
Beogh
Jiyva

Shops:
D:5 (   Orc:2 **=[   Vaults:1 !

Annotations:
Lair:2 exclusion: 4 oklob plants


Innate Abilities, Weirdness & Mutations

You are resistant to torment.
Your stone body is resilient. (AC +16)
You are immune to poison.
Your large and strong wings let you fly indefinitely.
You resist negative energy. (rN+)
You are resistant to electric shocks. (rElec)
You can survive without breathing.
You are immune to petrification.
You are immune to rotting.


Message History

You are too injured to fight recklessly!
You are too injured to fight recklessly!
You are too injured to fight recklessly!
You are too injured to fight recklessly!
You are too injured to fight recklessly!
You are too injured to fight recklessly!
You are too injured to fight recklessly!
You are too injured to fight recklessly!
You are too injured to fight recklessly!
You are too injured to fight recklessly!
You are too injured to fight recklessly!
You are too injured to fight recklessly!
You are too injured to fight recklessly!
You are too injured to fight recklessly!
You are too injured to fight recklessly!
Two slime creatures merge to form an enormous slime creature.
Two slime creatures merge to form a titanic slime creature.
As you read the scroll of teleportation, it crumbles to dust.
You feel strangely unstable. The titanic slime creature hits you!!!
You die...

#........... #............
#............ #............
#............ #............
#(........... #...@........
#############..##J######
............#..#)......#
....###...>.#..#.......#
....#(......'..#.......#
..#.#.###...#..#.......#
..#.#.#.....#..#.......#..#
#####.#.###.#..#.......#..#
.(#.#.#.#.#.'..#.......#..#


You could see a titanic slime creature.

Vanquished Creatures
  Nikola (Spider:3)
  Arachne (Spider:2)
  Jorgrun (Spider:3)
  A deep elf blademaster (Elf:2)
  Asterion (Elf:1)
  2 krakens
  Frances (D:14)
  Kirke (Spider:1)
  Roxanne (D:15)
  2 azure jellies (Lair:5)
  2 deep elf sorcerers
  5 emperor scorpions (Spider:4)
  2 vault wardens (Vaults:1)
  6 ghost moths
  3 ironheart preservers (Vaults:1)
  A war gargoyle (D:14)
  7 entropy weavers
  2 very ugly things (IceCv)
  The ghost of Heezod the Fighter, a journeyman MiBe of Trog (Shoals:3)
  The ghost of P0WERM0DE the Dwarven Aeon, a journeyman DDFi of Cheibriados (Lair:6)
  A deep elf demonologist (Elf:1)
  Azrael (Elf:1)
  A dire elephant (D:15)
  A minotaur (Gauntlet)
  An ettin (Vaults:2)
  3 merfolk javelineers (Shoals:4)
  3 merfolk impalers
  2 great orbs of eyes
  5 ogre magi
  The ghost of Laan the Cleaver, a journeyman GrFi of Okawaru (Lair:4)
  11 hydras
  2 fire dragons (Vaults:2)
  Harold (Orc:1)
  2 vault guards (D:14)
  3 catoblepae
  A hell beast (Gauntlet)
  2 merfolk avatars
  7 centaur warriors
  15 two-headed ogres
  3 tengu warriors
  8 merfolk aquamancers
  14 death yaks
  A queen ant (Spider:1)
  29 dancing weapons
  2 deep troll shamans
  A death scarab (Gauntlet)
  A satyr (Shoals:4)
  20 deep elf knights
  3 orc high priests (Orc:2)
  A fire crab (Lair:6)
  14 sea snakes
  5 unseen horrors
  4 deep trolls (Vaults:1)
  2 flayed ghosts
  7 wizards
  12 orc knights
  22 harpies
  3 ironbrand convokers
  17 orb spiders
  22 deep elf archers
  Pikel (D:7)
  5 lindwurms
  7 orc sorcerers
  A necromancer (D:14)
  25 wolf spiders
  17 manticores
  2 oklob plants
  28 slime creatures
  43 deep elf magi
  2 moths of wrath (Spider:4)
  6 cyclopes
  26 elephants
  A salamander (shapeshifter) (Vaults:1)
  5 fauns
  27 ugly things
  A guardian serpent (shapeshifter) (D:13)
  12 merfolk sirens
  An apocalypse crab (Gauntlet)
  7 vault sentinels (Vaults:1)
  8 black mambas
  6 water nymphs
  5 ice statues (IceCv)
  20 spiny frogs
  2 torpor snails (Lair:6)
  5 gargoyles
  2 freezing wraiths
  17 yaktaurs
  An anaconda simulacrum (IceCv)
  2 rime drakes (Lair:2)
  3 efreet (D:15)
  7 komodo dragons
  A redback zombie (D:13)
  20 demonic crawlers
  2 kobold demonologists
  A tengu conjurer (D:14)
  A golden dragon simulacrum (IceCv)
  A troll (shapeshifter) (Vaults:1)
  28 jumping spiders
  4 polar bears
  A queen bee (Lair:2)
  6 wind drakes
  6 trolls
  25 merfolk
  8 hornets
  12 snapping turtles
  7 blink frogs (Lair:2)
  10 dream sheep
  10 hippogriffs
  A hippogriff (shapeshifter) (D:15)
  83 redbacks
  2 centaur simulacra
  A spriggan (D:7)
  2 dire elephant simulacra (IceCv)
  40 tarantellas
  17 water elementals
  3 wyverns (Lair:2)
  5 wraiths
  3 air elementals
  16 humans (D:14)
  53 yaks
  A yak (shapeshifter) (Vaults:2)
  2 hogs (Spider:1)
  5 fire elementals (Elf:1)
  11 vampire mosquitoes
  A spectral komodo dragon (Gauntlet)
  A steam dragon (D:8)
  A basilisk (Lair:6)
  Menkaure (D:5)
  An iron troll simulacrum (IceCv)
  7 wargs
  A hungry ghost (D:12)
  10 soldier ants
  A soldier ant (shapeshifter) (D:14)
  2 acid dragons
  18 water moccasins
  A harpy simulacrum (IceCv)
  4 hell hounds (Elf:1)
  An acid dragon (shapeshifter) (Vaults:1)
  10 porcupines
  47 orc warriors
  2 hydra simulacra (IceCv)
  A meliai simulacrum (D:14)
  7 ice beasts
  6 sky beasts
  19 ogres
  3 black bears
  2 necrophages
  An ettin simulacrum (IceCv)
  5 phantoms
  4 boggarts
  7 wolves
  23 centaurs
  17 crocodiles
  A wyvern zombie (D:12)
  18 bullfrogs
  An earth elemental (Elf:2)
  An elf skeleton (D:14)
  5 scorpions
  A wyvern skeleton (D:14)
  32 killer bees (Lair:2)
  4 jellies
  14 wights
  3 electric eels
  7 crimson imps
  3 bullfrog zombies
  3 quasits
  2 centaur zombies
  5 hounds
  4 human zombies (D:14)
  26 orc priests
  6 centaur skeletons
  35 orc wizards
  A bullfrog skeleton (D:13)
  Ijyb (D:4)
  Terence (D:2)
  2 iguanas
  Natasha (thrice) (D:3)
  22 worker ants
  2 mummies (D:14)
  2 hound skeletons
  A worker ant zombie (D:9)
  3 gnolls (D:4)
  8 adders
  6 shadow imps
  2 oozes
  2 adder skeletons
  4 worms
  A dart slug (D:2)
  5 leopard geckos
  111 orcs
  4 giant cockroaches
  5 goblins
  6 hobgoblins
  13 jackals
  5 quokkas
  3 ball pythons
  10 bats
  5 frilled lizards
  2 jackal zombies
  9 kobolds
  3 leopard gecko skeletons
  2 orc zombies (D:14)
  A quokka skeleton (D:5)
  9 rats
  A plant (Shoals:4)
  5 tentacles
1614 creatures vanquished.

Vanquished Creatures (others)
  A merfolk aquamancer (Shoals:1)
  4 deep elf knights
  An orb spider (Spider:4)
  A deep elf mage (Elf:1)
  A tarantella (Spider:2)
  A human (Spider:1)
  An ogre (Vaults:1)
  A centaur (D:15)
  An orc (D:7)
  A bush (Lair:6)
  25 fungi
  12 plants
  8 tentacles
  4 withered plants (Gauntlet)
62 creatures vanquished.

Grand Total: 1676 creatures vanquished

Notes
Turn   | Place    | Note
-------+----------+-------------------------------------------
     0 | D:1      | Infinimo the Gargoyle Berserker began the quest for the
                  | Orb.
     0 | D:1      | Reached XP level 1. HP: 14/14 MP: 1/1
    14 | D:1      | Reached XP level 2. HP: 19/19 MP: 2/2
   627 | D:1      | Reached XP level 3. HP: 21/24 MP: 3/3
   832 | D:2      | Noticed Terence
   836 | D:2      | Killed Terence
   836 | D:2      | Reached skill level 4 in Maces & Flails
   923 | D:2      | Reached ** piety under Trog
   942 | D:2      | Found a faded altar of an unknown god.
  1029 | D:2      | Reached XP level 4. HP: 29/29 MP: 4/4
  1688 | D:3      | Reached XP level 5. HP: 34/34 MP: 5/5
  1716 | D:3      | Reached skill level 5 in Maces & Flails
  1722 | D:3      | Reached *** piety under Trog
  2012 | D:3      | Noticed Natasha
  2018 | D:3      | Killed Natasha
  2018 | D:3      | Reached XP level 6. HP: 40/40 MP: 6/6
  2332 | D:3      | Noticed Natasha
  2337 | D:3      | Killed Natasha
  2337 | D:3      | Reached skill level 5 in Fighting
  2503 | D:3      | Noticed Natasha
  2509 | D:3      | Killed Natasha
  2509 | D:3      | Reached skill level 6 in Maces & Flails
  2930 | D:4      | Noticed Ijyb
  2940 | D:4      | Killed Ijyb
  2940 | D:4      | Reached XP level 7. HP: 44/44 MP: 7/7
  3385 | D:5      | Entered Level 5 of the Dungeon
  3410 | D:5      | Reached skill level 7 in Maces & Flails
  3454 | D:5      | Reached **** piety under Trog
  3482 | D:5      | Found Furir's Antique Weapon Emporium.
  3654 | D:5      | Found an ornate altar of the Wu Jian Council.
  3735 | D:5      | Noticed Menkaure
  3741 | D:5      | Killed Menkaure
  3741 | D:5      | Reached XP level 8. HP: 52/52 MP: 8/8
  3823 | D:5      | Reached skill level 8 in Maces & Flails
  4329 | D:5      | Bought a bloodstained morningstar for 261 gold pieces
  4329 | D:5      | Identified the +9 morningstar "Quezaafirr" {freeze, *Rage
                  | rF++ MR+} (You bought it in a shop on level 5 of the
                  | Dungeon)
  4426 | D:6      | Reached skill level 9 in Maces & Flails
  4693 | D:6      | Reached XP level 9. HP: 58/58 MP: 9/9
  4870 | D:6      | Found a sand-covered staircase.
  5159 | D:7      | Reached skill level 10 in Maces & Flails
  5227 | D:7      | Found a staircase to the Ecumenical Temple.
  5246 | D:7      | Reached ***** piety under Trog
  5609 | D:7      | Noticed Pikel
  5613 | D:7      | Killed Pikel
  5613 | D:7      | Reached skill level 11 in Maces & Flails
  5789 | D:7      | Found a sacrificial altar of Ru.
  6002 | D:8      | Reached XP level 10. HP: 66/66 MP: 10/10
  6264 | D:8      | Noticed a two-headed ogre
  6272 | D:8      | Killed a two-headed ogre
  6375 | D:8      | Reached skill level 12 in Maces & Flails
  6634 | D:8      | Found a snail-covered altar of Cheibriados.
  7109 | D:9      | Found a snail-covered altar of Cheibriados.
  7144 | D:9      | You fall through a shaft for 3 floors!
  7175 | D:12     | Reached skill level 10 in Fighting
  7232 | D:12     | Noticed a gargoyle
  7236 | D:12     | Killed a gargoyle
  7236 | D:12     | Reached skill level 5 in Armour
  7286 | D:12     | You fall through a shaft!
  7286 | D:13     | Noticed a catoblepas
  7300 | D:13     | Killed a catoblepas
  7327 | D:13     | Noticed a deep elf mage
  7344 | D:10     | Entered Level 10 of the Dungeon
  7447 | D:10     | Found a staircase to the Orcish Mines.
  7447 | D:10     | Noticed a two-headed ogre
  7454 | D:10     | Killed a two-headed ogre
  7454 | D:10     | Reached skill level 13 in Maces & Flails
  7454 | D:10     | Reached XP level 11. HP: 73/73 MP: 11/11
  7718 | D:10     | Received a gift from Trog
  7827 | D:10     | Found a staircase to the Lair.
  8064 | D:10     | Noticed a two-headed ogre
  8072 | D:10     | Killed a two-headed ogre
  8390 | D:9      | Noticed a two-headed ogre
  8398 | D:9      | Killed a two-headed ogre
  9434 | D:11     | Killed an unseen horror
  9434 | D:11     | Reached skill level 1 in Shields
  9760 | D:11     | Noticed a red ugly thing
  9766 | D:11     | Killed a red ugly thing
  9766 | D:11     | Reached skill level 14 in Maces & Flails
  9803 | D:11     | Killed an unseen horror
  9962 | D:11     | Reached XP level 12. HP: 80/80 MP: 12/12
 10692 | D:12     | Received a gift from Trog
 10920 | Lair:1   | Entered Level 1 of the Lair of Beasts
 11082 | Lair:1   | Reached skill level 5 in Shields
 11150 | Lair:1   | Reached skill level 15 in Maces & Flails
 11342 | Lair:1   | Noticed a four-headed hydra
 11359 | Lair:1   | Killed a four-headed hydra
 11587 | Lair:1   | Noticed an eight-headed hydra
 11593 | Lair:1   | Killed an eight-headed hydra
 12006 | Lair:1   | Reached XP level 13. HP: 55/87 MP: 7/13
 12582 | Lair:2   | Received a gift from Trog
 12588 | Lair:2   | Reached skill level 16 in Maces & Flails
 13677 | Lair:3   | Found a staircase to the Shoals.
 13977 | Lair:3   | Gained mutation: Your large and strong wings let you fly
                  | indefinitely. [Gargoyle growth]
 13977 | Lair:3   | Reached XP level 14. HP: 94/94 MP: 14/14
 14085 | Lair:3   | Reached ****** piety under Trog
 14087 | Lair:3   | Reached skill level 17 in Maces & Flails
 14848 | Lair:4   | Found a hole to the Spider Nest.
 14864 | Lair:4   | Found a runed translucent door.
 14864 | Lair:4   | Noticed Laan's ghost (journeyman GrFi)
 14885 | Lair:4   | Killed Laan's ghost
 14885 | Lair:4   | Reached skill level 10 in Armour
 15404 | Lair:4   | Received a gift from Trog
 16006 | Lair:5   | Found a stormy altar of Qazlal.
 16032 | Lair:5   | Found a runed translucent door.
 16093 | Lair:5   | Found a viscous altar of Jiyva.
 16093 | Lair:5   | Noticed an azure jelly
 16095 | Lair:5   | Found a staircase to the Slime Pits.
 16095 | Lair:5   | Noticed an azure jelly
 16103 | Lair:5   | Killed an azure jelly
 16103 | Lair:5   | Reached skill level 18 in Maces & Flails
 16111 | Lair:5   | Killed an azure jelly
 16433 | Lair:6   | Entered Level 6 of the Lair of Beasts
 16497 | Lair:6   | Reached XP level 15. HP: 101/101 MP: 15/15
 16945 | Lair:6   | Reached skill level 15 in Fighting
 16998 | Lair:6   | Received a gift from Trog
 17045 | Lair:6   | Found a runed translucent door.
 17045 | Lair:6   | Noticed P0WERM0DE's ghost (journeyman DDFi)
 17242 | Lair:6   | Got a scintillating copper ring
 17717 | Lair:6   | Killed P0WERM0DE's ghost
 17899 | D:13     | Reached skill level 19 in Maces & Flails
 18187 | D:13     | Found a roughly hewn altar of Beogh.
 18636 | Orc:1    | Entered Level 1 of the Orcish Mines
 18642 | Orc:1    | Noticed Harold
 18646 | Orc:1    | Killed Harold
 18746 | Orc:2    | Entered Level 2 of the Orcish Mines
 18792 | Orc:2    | Reached XP level 16. HP: 108/108 MP: 13/16
 18856 | Orc:2    | Received a gift from Trog
 18979 | Orc:2    | Found Sijoytyunal's General Store.
 18979 | Orc:2    | Found Ywneimu's Armour Shop.
 18981 | Orc:2    | Found Jeuja's Assorted Antiques.
 18981 | Orc:2    | Found Elyrch's Jewellery Shop.
 18997 | Orc:2    | Bought a scroll of blinking for 120 gold pieces
 18999 | Orc:2    | Bought a scroll of teleportation for 93 gold pieces
 18999 | Orc:2    | Bought a scroll of teleportation for 93 gold pieces
 19001 | Orc:2    | Identified the ring of Teruiraph {Wiz rF- Str+9} (You found
                  | it on level 6 of the Lair of Beasts)
 19307 | Orc:2    | Found a staircase to the Elven Halls.
 19516 | Orc:2    | Received a gift from Trog
 20510 | D:14     | Found a shimmering altar of Xom.
 20510 | D:14     | Found a burning altar of Makhleb.
 20632 | D:14     | Noticed Frances
 20795 | D:14     | Killed Frances
 20867 | D:14     | Received a gift from Trog
 20987 | D:14     | Reached skill level 20 in Maces & Flails
 21234 | D:14     | Found a gate to the Vaults.
 21534 | D:14     | Found a basalt altar of Yredelemnul.
 21669 | D:15     | Entered Level 15 of the Dungeon
 21672 | D:15     | Found a gate leading to a gauntlet.
 21673 | D:15     | Identified Roxanne's Tome of Shape Shifting
 21673 | D:15     | Noticed Roxanne
 21696 | D:15     | Killed Roxanne
 21725 | Gauntlet | Entered a Gauntlet
 21725 | Gauntlet | Found a transporter.
 21725 | Gauntlet | Found a transporter.
 21730 | Gauntlet | Found a transporter.
 21738 | Gauntlet | Found a transporter.
 21751 | Gauntlet | Found a transporter.
 21761 | Gauntlet | Found a transporter.
 21761 | Gauntlet | Found a transporter.
 21765 | Gauntlet | Found a transporter.
 21792 | Gauntlet | Found a transporter.
 21799 | Gauntlet | Found a transporter.
 21810 | Gauntlet | Found a transporter.
 21817 | Gauntlet | Found a transporter.
 21853 | Gauntlet | Found a transporter.
 21871 | Gauntlet | Found a transporter.
 21970 | Gauntlet | Found a transporter.
 21985 | Gauntlet | Found a transporter.
 22210 | Gauntlet | Got a twitching marble ring
 22227 | Gauntlet | Identified the ring "Idudu" {rC+ rN+} (You found it in a
                  | Gauntlet)
 22330 | Gauntlet | Identified the +6 arbalest of Optimality {elec, MP+9 Int+4}
 22409 | Gauntlet | Identified a +1 pair of boots of running (You found it in a
                  | Gauntlet)
 22621 | D:15     | Reached XP level 17. HP: 62/116 MP: 9/17
 22624 | D:15     | Found a staircase to the Depths.
 22847 | D:15     | Received a gift from Trog
 23502 | Shoals:1 | Entered Level 1 of the Shoals
 23954 | Shoals:1 | Noticed a kraken
 23992 | Shoals:1 | Killed a kraken
 24097 | Shoals:1 | Received a gift from Trog
 24460 | Shoals:1 | Reached skill level 21 in Maces & Flails
 25661 | Shoals:3 | Found a runed translucent gate.
 25662 | Shoals:3 | Found a runed translucent gate.
 25675 | Shoals:3 | Found a runed translucent gate.
 26508 | Shoals:3 | Noticed Heezod's ghost (journeyman MiBe)
 26523 | Shoals:3 | Killed Heezod's ghost
 26754 | Shoals:3 | Got a faintly humming helmet
 26756 | Shoals:3 | Got a dazzling helmet
 26758 | Shoals:3 | Identified the -2 helmet of Oblivion {*Drain *Slow Str+3
                  | Dex+5} (You found it on level 3 of the Shoals)
 26759 | Shoals:3 | Identified the +1 helmet "Sotzis" {+Inv Stlth+} (You found
                  | it on level 3 of the Shoals)
 26773 | Shoals:4 | Entered Level 4 of the Shoals
 26928 | Shoals:4 | Received a gift from Trog
 26958 | Shoals:4 | Reached XP level 18. HP: 124/124 MP: 18/18
 27719 | Shoals:4 | Reached skill level 15 in Armour
 27841 | Shoals:4 | Got a transparent granite ring
 28491 | Shoals:4 | Got a barnacled rune of Zot
 28635 | Spider:1 | Entered Level 1 of the Spider Nest
 28661 | Spider:1 | Noticed Kirke
 28677 | Spider:1 | Killed Kirke
 28677 | Spider:1 | Received a gift from Trog
 29241 | Spider:1 | Found the +5 robe of Misfortune {*Contam Harm *Corrode
                  | *Drain *Slow EV+5}
 29975 | Spider:2 | Noticed Arachne
 30003 | Spider:2 | Killed Arachne
 30008 | Spider:2 | Found a frozen archway.
 30011 | IceCv    | Entered an ice cave
 30093 | IceCv    | Received a gift from Trog
 31218 | Spider:2 | Reached XP level 19. HP: 130/130 MP: 19/19
 31224 | Spider:2 | Reached skill level 22 in Maces & Flails
 31662 | Spider:2 | Found a runed translucent door.
 31723 | Spider:2 | Found the +7 Kryia's mail coat {PotionHeal*2 rC+}
 31727 | Spider:2 | Received a gift from Trog
 32056 | Spider:3 | Identified the ring "Wuinuigh" {+Fly rC- SInv Stlth-} (You
                  | found it on level 4 of the Shoals)
 32059 | Spider:3 | Identified a scroll of acquirement
 32331 | Spider:3 | Identified the +2 pair of gloves of Esubak {+Inv rPois MR++
                  | Int-3}
 32331 | Spider:3 | Noticed Nikola
 32346 | Spider:3 | Killed Nikola
 32519 | Spider:3 | Noticed Jorgrun
 32534 | Spider:3 | Killed Jorgrun
 33391 | Spider:4 | Entered Level 4 of the Spider Nest
 33545 | Spider:4 | Reached skill level 10 in Shields
 33966 | Spider:4 | Received a gift from Trog
 34721 | Spider:4 | Got a gossamer rune of Zot
 34873 | Spider:4 | Received a gift from Trog
 35238 | Elf:1    | Entered Level 1 of the Elven Halls
 35241 | Elf:1    | Reached XP level 20. HP: 139/139 MP: 20/20
 35308 | Elf:1    | Noticed Azrael
 35315 | Elf:1    | Killed Azrael
 35594 | Elf:1    | Received a gift from Trog
 35642 | Elf:1    | Got a scorched flail {god gift}
 35643 | Elf:1    | Identified the +10 flail of Megalomania {crush, Stlth+}
                  | (Trog gifted it to you on level 1 of the Elven Halls)
 35840 | Elf:1    | Noticed Asterion
 35854 | Elf:1    | Killed Asterion
 36387 | Elf:1    | Received a gift from Trog
 37169 | Elf:2    | Found a huge runed translucent gate.
 37170 | Elf:2    | Found a huge runed translucent gate.
 37177 | Elf:2    | Found a huge runed translucent gate.
 37177 | Elf:2    | Found a huge runed translucent gate.
 37177 | Elf:2    | Found a huge runed translucent gate.
 37624 | Elf:2    | Received a gift from Trog
 38198 | Vaults:1 | Entered Level 1 of the Vaults
 38430 | Vaults:1 | Reached XP level 21. HP: 145/145 MP: 21/21
 38446 | Vaults:1 | Reached skill level 23 in Maces & Flails
 38701 | Vaults:1 | Found Feikuy's Distillery.
 38709 | Vaults:1 | Bought a potion of curing for 60 gold pieces
 38709 | Vaults:1 | Bought a potion of curing for 60 gold pieces
 38709 | Vaults:1 | Bought 2 potions of haste for 400 gold pieces
 38709 | Vaults:1 | Bought 2 potions of heal wounds for 200 gold pieces
 39850 | Vaults:2 | Received a gift from Trog
 40136 | Vaults:2 | Mangled by a titanic slime creature

Skill      XL: |  1  2  3  4  5  6  7  8  9 10 11 12 13 14 15 16 17 18 19 20 21 |
---------------+----------------------------------------------------------------+-----
Maces & Flails | 4 5 6 7 9 11 13 14 15 16 18 19 20 21 22 23 | 23.2
Fighting       | 4 5 6 7 9 10 11 12 13 14 15 16 17 18 19 20 | 20.3
Armour         | 5 7 9 11 12 13 14 15 16 17 18 | 18.3
Shields        | 2 6 8 10 12 13 | 13.4
Dodging        | |  1.5

Action                   |  1- 3 |  4- 6 |  7- 9 | 10-12 | 13-15 | 16-18 | 19-21 || total
-------------------------+-------+-------+-------+-------+-------+-------+-------++-------
Melee: Mace              |    78 |    30 |       |       |       |       |       ||   108
       Whip              |       |   207 |       |       |       |       |       ||   207
       Flail             |       |    45 |   101 |       |       |       |       ||   146
       Unarmed           |       |     2 |       |       |       |       |       ||     2
       Morningstar       |       |       |   128 |   423 |  1008 |  1722 |  1434 ||  4715
       Demon whip        |       |       |       |       |       |       |   267 ||   267
Invok: Berserk           |     3 |     7 |     8 |    13 |    17 |    25 |    17 ||    90
       Trog's Hand       |       |       |       |       |       |     1 |       ||     1
 Abil: Fly               |       |       |       |       |       |     1 |       ||     1
Evoke: Wand              |       |       |       |       |     1 |       |       ||     1
  Use: Scroll            |     1 |     1 |    11 |       |    13 |    18 |     7 ||    51
       Potion            |       |       |       |     2 |       |     1 |       ||     3
 Stab: Petrified         |       |       |       |       |     3 |       |       ||     3
       Petrifying        |       |       |       |       |     1 |     2 |       ||     3
  Eat: Chunk             |     2 |    13 |    22 |    39 |    33 |    53 |    43 ||   205
       Ration            |       |       |       |       |     1 |     3 |     1 ||     5
Armor: Scale mail        |    43 |    54 |       |       |       |       |       ||    97
       Animal skin       |     2 |       |       |       |       |       |       ||     2
       Plate armour      |       |   148 |   162 |   307 |   726 |  1531 |    78 ||  2952
       Crystal plate arm |       |       |       |       |       |       |  1144 ||  1144
Dodge: Dodged            |    55 |   134 |    66 |   116 |   302 |   624 |   361 ||  1658
       Deflected         |       |       |       |       |       |       |    27 ||    27
Block: Buckler           |       |       |       |    62 |   302 |   545 |   347 ||  1256
       Shield            |       |       |       |       |       |       |   383 ||   383
